 Dungeon Crawl Stone Soup version 0.21-a0-538-gd16b88a (webtiles) character file.

9 Gerstahl the Skirmisher (level 2, 23/24 HPs)
             Began as a Demonspawn Monk on Dec 15, 2017.
             Quit the game on level 1 of the Dungeon.
             The game lasted 00:00:38 (409 turns).

Gerstahl the Skirmisher (Demonspawn Monk)            Turns: 409, Time: 00:00:39

Health: 23/24      AC:  4    Str: 11    XL:     2   Next: 3%
Magic:  2/2        EV: 13    Int: 11    God:
Gold:   28         SH:  0    Dex: 15    Spells: 1/1 levels left

rFire    . . .     SeeInvis .   a - +0 falchion
rCold    . . .     Gourm    .   (no shield)
rNeg     . . .     Faith    .   b - +0 robe
rPois    .         Spirit   .   (no helmet)
rElec    .         Reflect  .   (no cloak)
rCorr    .         Harm     .   (no gloves)
MR       .....                  (no boots)
Stlth    ++........             (no amulet)
HPRegen  0.08/turn              (no ring)
MPRegen  0.08/turn              (no ring)

@: no status effects
A: molten scales 1
a: no special abilities


You were on level 1 of the Dungeon.
You were not hungry.

You visited 1 branch of the dungeon, and saw 1 of its levels.

You collected 28 gold pieces.

Inventory:

Hand Weapons
 a - a +0 falchion (weapon)
Armour
 b - a +0 robe (worn)
Scrolls
 e - a scroll of blinking {unknown}
 h - a scroll of identify {unknown}
 j - a scroll of amnesia {unknown}
Potions
 f - a potion of flight {unknown}
 g - a potion of resistance {unknown}
Comestibles
 c - 2 bread rations
 d - a chunk of flesh
 i - a royal jelly


   Skills:
 + Level 3.3 Fighting
 + Level 3.0 Long Blades
 - Level 2.6 Dodging
 - Level 1.7 Stealth


You had one spell level left.
You didn't know any spells.

Dungeon Overview and Level Annotations

Branches:
Dungeon (1/15)

Altars:


Innate Abilities, Weirdness & Mutations

You are partially covered in molten scales. (AC +2)


Message History

Found a club.
Found 19 stones. 2 jackals come into view.
There are monsters nearby!
The jackal barks! x2; You hear a shout!
Found a glowing ruby potion.
A jackal comes into view.
The jackal barks!
The jackal closely misses you.
You hit the jackal but do no damage.
The jackal bites you but does no damage.
You hit the jackal.
The jackal is moderately wounded.
The jackal bites you. The jackal closely misses you.
You riposte.
You hit the jackal.
You kill the jackal!
You have reached level 2!
Your demonic ancestry asserts itself...
Molten scales grow over part of your body.
Are you sure you want to abandon this character and quit the game? (Confirm with "yes".)

#.#.##...........##.....
#....).############.....
###.#### #.....#..## #.#
#.#.#.#..# #.#
####........## #.###
#....#.#..#... #...###
#........####. #.....#
#.......## #. #.#.#@#
#.....#.# #.
#.#.#†###.....#.#####.
.#..#h##..............
##.###h##.#####.####.##
#.....>..# #.# #.#
#.##....!....... ..#
#.##..#####.###### ..
h.# #.# ### ... ..#


You could see 2 jackals.

Vanquished Creatures
  A dart slug (D:1)
  A hobgoblin (D:1)
  A jackal (D:1)
  2 kobolds (D:1)
  A frilled lizard (D:1)
  A rat (D:1)
7 creatures vanquished.

Notes
Turn   | Place    | Note
-------+----------+-------------------------------------------
     0 | D:1      | Gerstahl the Demonspawn Monk began the quest for the Orb.
     0 | D:1      | Reached XP level 1. HP: 18/18 MP: 1/1
   408 | D:1      | Gained mutation: You are partially covered in molten scales. (AC +2) [demonic ancestry]
   408 | D:1      | Reached XP level 2. HP: 23/24 MP: 2/2
   409 | D:1      | Quit the game

Vault maps used:
D:1:      dpeg_arrival_round_c, serial_glass, glass_columns_c, glass_columns_a,
          minmay_strange_pillars

Skill      XL: |  1 |
---------------+----+-----
Long Blades    | 3 |  3.0
Fighting       | |  3.3
Dodging        | |  2.6
Stealth        | |  1.7

Action                   || total
-------------------------++-------
Melee: Falchion          ||    15
Armor: Robe              ||     1
Dodge: Dodged            ||     9
       Rpst.: Falchion   ||     3

Table legend:
 A = Spawn XP
 B = Non-spawn XP
 C = Spawn XP percentage of total XP
 D = Spawn monster count
 E = Non-spawn monster count
 F = Spawn count percentage of total count
 G = Total turns spent on level
                    A         B        C        D         E        F      G
               +---------+---------+-------+---------+---------+-------+---------
         Total |       0 |      13 |   0.0 |       0 |       7 |   0.0 |   409
               +---------+---------+-------+---------+---------+-------+---------
           D:1 |       0 |      13 |   0.0 |       0 |       7 |   0.0 |   409
               +---------+---------+-------+---------+---------+-------+---------
